 Dungeon Crawl Stone Soup version 0.24.0-28-g17ded55e90 (webtiles) character file.

Game seed: 15532648414470791879, levelgen mode: deterministic

194 Gumption the Grave Robber (level 5, -3/38 HPs)
             Began as a Demonspawn Necromancer on Nov 11, 2019.
             Shot with an arrow by a centaur (5 damage)
             ... on level 4 of the Dungeon.
             The game lasted 00:27:27 (3904 turns).

Gumption the Grave Robber (Demonspawn Necromancer)  Turns: 3904, Time: 00:27:28

Health: -3/38      AC:  3    Str:  8    XL:     5   Next: 44%
Magic:  9/9        EV: 19    Int: 17    God:
Gold:   114        SH:  5    Dex: 19    Spells: 2/10 levels left

rFire    . . .     SeeInvis .   a - +1 short sword (venom)
rCold    . . .     Gourm    .   l - +0 buckler
rNeg     . . .     Faith    .   c - +0 leather armour
rPois    .         Spirit   .   (no helmet)
rElec    .         Reflect  .   (no cloak)
rCorr    .         Harm     .   (no gloves)
MR       .....                  (no boots)
Stlth    ++++......             (no amulet)
HPRegen  0.12/turn              f - ring of stealth
MPRegen  0.11/turn              (no ring)

@: agile
A: repulsion field 2, powered by pain 1
a: no special abilities


You were on level 4 of the Dungeon.
You were not hungry.

You visited 2 branches of the dungeon, and saw 5 of its levels.

You collected 114 gold pieces.

Inventory:

Hand Weapons
 a - a +1 short sword of venom (weapon)
 k - a +0 short sword of holy wrath
 p - a cursed -2 hunting sling
Missiles
 b - 62 sling bullets
 h - 137 stones (quivered)
Armour
 c - a +0 leather armour (worn)
 l - a +0 buckler (worn)
Jewellery
 f - a ring of stealth (left hand)
Scrolls
 j - a scroll of teleportation
 m - a scroll of fog
 r - 3 scrolls of remove curse
 u - a scroll of fear
Potions
 d - a potion of flight {unknown}
 g - a potion of heal wounds {unknown}
 i - 2 potions of might
 n - a potion of agility {unknown}
 q - a potion of haste {unknown}
 t - a potion of lignification {unknown}
Comestibles
 e - 2 rations
 o - 2 chunks of flesh


   Skills:
 + Level 2.1 Fighting
 - Level 1.7 Dodging
 - Level 1.7 Stealth
 + Level 1.4 Shields
 + Level 3.0 Spellcasting
 * Level 5.9 Necromancy


You had 2 spell levels left.
You knew the following spells:

 Your Spells              Type           Power        Failure   Level  Hunger
a - Pain                  Necr           ###.         3%          1    None
b - Animate Skeleton      Necr           N/A          3%          1    None
c - Vampiric Draining     Necr           ###.......   9%          3    ###....
z - Regeneration          Chrm/Necr      ##........   30%         3    ###....

Your spell library contained the following spells:

 Spells                   Type           Power        Failure   Level  Hunger
 Animate Dead             Necr           N/A          30%         4    ####...


Dungeon Overview and Level Annotations

Branches:
Dungeon (4/15)             Temple (1/1) D:4

Altars:
Cheibriados
Dithmenos
Hepliaklqana
Qazlal
Sif Muna
Vehumet
Xom
Zin
The Shining One


Innate Abilities, Weirdness & Mutations

You are surrounded by a moderate repulsion field. (EV +3)
You sometimes gain a little power by taking damage.


Message History

* * * LOW HITPOINT WARNING * * *
The howler monkey closely misses you. The hound skeleton closely misses you.
There is a stone staircase leading up here.
The howler monkey hoots and howls with incredible vigour!
A centaur comes into view.
The hound skeleton barely misses you.
The centaur wields a +0 shortbow.
The centaur shoots an arrow.
The arrow misses you.
The phantom blinks!
The howler monkey completely misses you.
The centaur shoots an arrow.
The arrow hits you!
* * * LOW HITPOINT WARNING * * *
The centaur shoots an arrow.
You block the arrow.
You see here 2 arrows.
The hound skeleton barely misses you.
The centaur shoots an arrow.
The arrow hits you.
* * * LOW HITPOINT WARNING * * *
The howler monkey hoots and howls with incredible vigour!
The hound skeleton barely misses you.
The centaur shoots an arrow.
The arrow hits you.
You die...

*,,#.......##...#,,,*
*,*#...#.#**#...##,,,
*,*#.....* #....#,,,
*,*#.#W#,* #....####
*,*#.<.#,* #.......#
#.##...#.# ##.......
#......#.# #.......
#######Zh#.######......
#.....@..c..#...#......
#.########..#.#.##.....
#.# #.,....#....##...#
#.# #.###.####......##
#.# #....[...........#
#.# #....######.###..#
#.# ##.#....#....##..#
###.#####......#.#..##..#
#...........>..#.#####..#


You could see a phantom, a centaur, a howler monkey and a hound skeleton.

Vanquished Creatures
  An ogre (D:3)
  A worker ant (D:4)
  3 adders
  A dart slug (D:1)
  4 orcs (D:3)
  2 giant cockroaches
  2 goblins
  7 hobgoblins
  6 kobolds
  A quokka (D:3)
  A ball python (D:3)
  3 bats
  3 frilled lizards (D:1)
  A quokka skeleton (D:4)
  5 rats
41 creatures vanquished.

Vanquished Creatures (collateral kills)
  An ooze (D:1)
  A worm (D:3)
  A dart slug (D:1)
  An orc (D:3)
  3 bats (D:1)
  2 goblins
  2 hobgoblins (D:3)
  2 rats (D:3)
13 creatures vanquished.

Grand Total: 54 creatures vanquished

Notes
Turn   | Place    | Note
-------+----------+-------------------------------------------
     0 | D:1      | Gumption the Demonspawn Necromancer began the quest for the
                  | Orb.
     0 | D:1      | Reached XP level 1. HP: 13/13 MP: 3/3
     2 | D:1      | Learned a level 1 spell: Animate Skeleton
   394 | D:1      | Gained mutation: You are surrounded by a mild repulsion
                  | field. (EV +2) [demonic ancestry]
   394 | D:1      | Reached XP level 2. HP: 20/20 MP: 3/5
   839 | D:1      | Reached skill level 1 in Fighting
  1035 | D:1      | Reached skill level 5 in Necromancy
  1041 | D:1      | Gained mutation: You are surrounded by a moderate repulsion
                  | field. (EV +3) [demonic ancestry]
  1041 | D:1      | Reached XP level 3. HP: 24/26 MP: 2/6
  1046 | D:1      | Learned a level 3 spell: Vampiric Draining
  1760 | D:2      | You fall into a shaft and drop 1 floor!
  2907 | D:3      | Gained mutation: You sometimes gain a little power by
                  | taking damage. [demonic ancestry]
  2907 | D:3      | Reached XP level 4. HP: 26/32 MP: 0/7
  3112 | D:3      | Learned a level 3 spell: Regeneration
  3365 | D:4      | Noticed an ogre
  3386 | D:3      | Killed an ogre
  3386 | D:3      | Reached skill level 1 in Shields
  3386 | D:3      | Reached XP level 5. HP: 37/38 MP: 4/9
  3488 | D:4      | Found a staircase to the Ecumenical Temple.
  3494 | Temple   | Entered the Ecumenical Temple
  3713 | D:4      | Noticed a phantom
  3886 | D:4      | Noticed a phantom
  3900 | D:4      | Noticed a centaur
  3904 | D:4      | Shot with an arrow by a centaur

Levels and vault maps discovered:
D:1:      minmay_arrival_plants_in_alcoves, layout_basic
D:2:      layout_basic
D:3:      layout_basic
D:4:      kennysheep_spiral_hall, layout_basic, overflow_temple_1_default,
          kennysheep_little_box, trog_eyes_of_draining, lemuel_crystal_altar,
          fedhas_bush_and_centaur_altar, minmay_temple_entry_hall, first_ration
Temple:   grunt_temple_mini_profane

Skill      XL: |  1  2  3  4  5 |
---------------+----------------+-----
Fighting       | 1 2 |  2.1
Necromancy     | 5 |  5.9
Shields        | 1 |  1.4
Spellcasting   | 3 |  3.0
Dodging        | |  1.7
Stealth        | |  1.7

Action                   |  1- 3 |  4- 6 || total
-------------------------+-------+-------++-------
Melee: Short sword       |    18 |    28 ||    46
 Cast: Pain              |    71 |    11 ||    82
       Animate Skeleton  |    19 |     1 ||    20
       Regeneration      |       |     4 ||     4
  Use: Scroll            |     3 |     5 ||     8
 Stab: Distracted        |     1 |       ||     1
       Sleeping          |       |     1 ||     1
  Eat: Chunk             |     6 |     2 ||     8
       Ration            |       |     1 ||     1
Armor: Leather armour    |    14 |     2 ||    16
Dodge: Dodged            |    21 |    39 ||    60
Block: Buckler           |     3 |     7 ||    10
